 Dungeon Crawl Stone Soup version 0.25.1-8-g42b30a86e7 (webtiles) character file.

Game seed: 1867797330093660652

53 Descartes the Ducker (level 3, 0/17 HPs)
             Began as a Felid Monk on Dec 22, 2020.
             Slain by a gnoll
             ... wielding a +0 whip
              (6 damage)
             ... on level 1 of the Dungeon.
             The game lasted 00:03:30 (1980 turns).

Descartes the Ducker (Felid Monk)                   Turns: 1980, Time: 00:03:31

Health: 0/17       AC:  1    Str:  8    XL:     3   Next: 62%
Magic:  4/4        EV: 20    Int: 11    God:
Gold:   32         SH:  0    Dex: 18    Spells: 2/2 levels left
                                        Lives:  0   Deaths: 0

rFire    x . .     SeeInvis +     - Unarmed
rCold    + . .     Gourm    .   (shield unavailable)
rNeg     . . .     Faith    .   (armour unavailable)
rPois    .         Spirit   .   (helmet unavailable)
rElec    .         Reflect  .   (cloak unavailable)
rCorr    .         Harm     .   (gloves unavailable)
MR       .....                  (boots unavailable)
Stlth    +++.......             (no amulet)
HPRegen  0.05/turn              c - ring of ice
MPRegen  0.09/turn              (no ring)

@: quick
A: very small, no armour, no weapons or thrown items, stealth, claws 1, fangs 3,
see invisible, carnivore, speed 1, shaggy fur 1, slow metabolism 1, sharp paws
a: no special abilities


You were on level 1 of the Dungeon.
You were very full.

You visited 1 branch of the dungeon, and saw 2 of its levels.

You collected 32 gold pieces.

Inventory:

Missiles
 b - 35 stones
Jewellery
 c - a ring of ice (left paw)
Wands
 j - a wand of iceblast (10)
Scrolls
 i - a scroll of enchant weapon {unknown}
 k - 2 scrolls of teleportation {unknown}
 l - a scroll of identify {unknown}
 n - a scroll of enchant armour {unknown}
Potions
 d - a potion of cancellation {unknown}
 e - 3 potions of magic {unknown}
 f - a potion of ambrosia {unknown}
 g - a potion of heal wounds {unknown}
 h - 2 potions of curing {unknown}
Comestibles
 a - 3 rations


   Skills:
 + Level 3.4 Fighting
 + Level 4.6 Dodging
 + Level 3.6 Stealth
 + Level 3.4 Unarmed Combat


You had 2 spell levels left.
You didn't know any spells.
Your spell library was empty.

Dungeon Overview and Level Annotations

Branches:
Dungeon (2/15)

Altars:
Ru
Vehumet
Xom


Innate Abilities, Weirdness & Mutations

You cannot wear armour.
You are incapable of wielding weapons or throwing items.
Your paws allow you to move quietly. (Stealth)
You have sharp claws.
You have razor-sharp teeth.
You have supernaturally acute eyesight. (SInv)
You are carnivorous and can eat meat at any time.
You cover ground quickly.
You are covered in fur. (AC +1)
You have a slow metabolism.
Your sharp claws are effective at attacking unaware monsters.


Message History

There is a stone staircase leading up here.
You climb upwards.
There is a stone staircase leading down here.
HP restored.
Done exploring.
You climb downwards.
The gnoll hits you with a +0 whip. The gnoll misses you.
There is a stone staircase leading up here.
The gnoll hits you but does no damage.
You climb upwards.
There is a stone staircase leading down here.
You scratch the gnoll.
The gnoll is moderately wounded.
The gnoll completely misses you.
You scratch the gnoll.
The gnoll is heavily wounded.
The gnoll hits you with a +0 whip.
You scratch the gnoll.
The gnoll is severely wounded.
The gnoll hits you with a +0 whip.
You die...

##### ....###
......# ......#
[.....# ..#'###
#.#.##############
...............g@#
#.#.#.############
..........#
#.#.#.#.#.#
#.#.#.###.#
..#.#.#...#
..#.#.#.###
#.#.#.#.#
....#.#.#


You could see a gnoll.

Vanquished Creatures
  A gnoll (D:2)
  An adder (D:2)
  A worm (D:2)
  2 dart slugs (D:2)
  3 leopard geckos
  3 giant cockroaches (D:2)
  A goblin (D:2)
  2 hobgoblins (D:2)
  7 kobolds
  3 bats
  A frilled lizard (D:1)
  A rat (D:1)
26 creatures vanquished.

Notes
Turn   | Place    | Note
-------+----------+-------------------------------------------
     0 | D:1      | Descartes the Felid Monk began the quest for the Orb.
     0 | D:1      | Reached XP level 1. HP: 10/10 MP: 2/2
   378 | D:1      | Reached XP level 2. HP: 13/14 MP: 3/3
   807 | D:2      | Found a radiant altar of Vehumet.
   808 | D:2      | Found a sacrificial altar of Ru.
  1312 | D:2      | Found a shimmering altar of Xom.
  1313 | D:2      | Found a shimmering altar of Xom.
  1314 | D:2      | Found a shimmering altar of Xom.
  1327 | D:2      | Found a shimmering altar of Xom.
  1327 | D:2      | Found a shimmering altar of Xom.
  1341 | D:2      | Reached XP level 3. HP: 13/17 MP: 4/4
  1980 | D:1      | Slain by a gnoll

Illustrated notes

Levels and vault maps discovered:
D:1:      dpeg_arrival_tiny_h, layout_basic
D:2:      layout_basic, chequers_temple_overflow_statue_of_worship,
          chequers_big_river, xom_redecorated

Skill      XL: |  1 |
---------------+----+-----
Stealth        | 3 |  3.6
Fighting       | |  3.4
Dodging        | |  4.6
Unarmed Combat | |  3.4

Action                   || total
-------------------------++-------
Melee: Unarmed           ||    78
       Bite              ||     8
 Stab: Sleeping          ||     8
  Eat: Chunk             ||     8
Armor: Skin              ||     2
Dodge: Dodged            ||    88
